 Dungeon Crawl Stone Soup version 0.23.1-37-gaa34b87b72 (webtiles) character file.

Game seed: 4753319685940066102

1892 PikkenKukken the Chiller (level 9, -2/63 HPs)
             Began as a Merfolk Ice Elementalist on Mar 27, 2019.
             Was a Believer of Vehumet.
             Slain by a wyvern skeleton (10 damage)
             ... on level 6 of the Dungeon.
             The game lasted 00:39:22 (10194 turns).

PikkenKukken the Chiller (MfIE)                    Turns: 10194, Time: 00:39:23

Health: -2/63      AC:  5    Str:  9    XL:     9   Next: 15%
Magic:  10/15      EV: 15    Int: 17    God:    Vehumet [**....]
Gold:   455        SH:  0    Dex: 14    Spells: 2/16 levels left

rFire    . . .     SeeInvis +   l - +0 trident
rCold    . . .     Gourm    .   (no shield)
rNeg     . . .     Faith    .   a - +0 robe
rPois    .         Spirit   .   (no helmet)
rElec    .         Reflect  .   u - +1 cloak
rCorr    +         Harm     .   (no gloves)
MR       .....                  y - +0 pair of boots
Stlth    ++........             (no amulet)
HPRegen  0.20/turn              j - ring of see invisible
MPRegen  0.14/turn              r - ring of resist corrosion

@: no status effects
A: change form in water, swift swim, stealthy swim
a: Renounce Religion


You were on level 6 of the Dungeon.
You worshipped Vehumet.
Vehumet was pleased with you.
You were not hungry.

You visited 2 branches of the dungeon, and saw 7 of its levels.
You also visited: Sewer and Ossuary.

You collected 455 gold pieces.

Inventory:

Hand Weapons
 l - a +0 trident (weapon)
Armour
 a - a +0 robe (worn)
 u - a +1 cloak (worn)
 y - a +0 pair of boots (worn)
Jewellery
 j - a ring of see invisible (left hand)
 r - a ring of resist corrosion (right hand)
Wands
 t - a wand of flame (11)
Scrolls
 g - 2 scrolls of noise
 h - 2 scrolls of enchant weapon
 i - 2 scrolls of identify
 k - 2 scrolls of teleportation
 n - a scroll of remove curse
 w - 2 scrolls of fear
Potions
 b - 3 potions of mutation
 d - a potion of flight
 f - 5 potions of might
 m - 3 potions of magic
 o - 8 potions of heal wounds
 p - 2 potions of agility
 q - 6 potions of curing
 s - a potion of invisibility
 v - a potion of resistance {unknown}
 z - 2 potions of ambrosia {unknown}
Comestibles
 c - 6 rations
 x - a chunk of flesh


   Skills:
 - Level 3.0 Fighting
 - Level 6.0 Polearms
 - Level 6.1 Dodging
 - Level 2.1 Stealth
 - Level 4.1 Spellcasting
 + Level 4.4 Conjurations
 - Level 2.0 Charms
 + Level 2.7 Summonings
 + Level 6.8 Ice Magic


You had 2 spell levels left.
You knew the following spells:

 Your Spells              Type           Power        Failure   Level  Hunger
a - Freeze                Ice            ####         1%          1    None
b - Throw Frost           Conj/Ice       ###...       2%          2    ##.....
c - Ozocubu's Armour      Chrm/Ice       ###.....     8%          3    ###....
d - Throw Icicle          Conj/Ice       ###.....     16%         4    ####...
e - Summon Ice Beast      Ice/Summ       ###.....     22%         4    ####...

Your spell library contained the following spells:

 Spells                   Type           Power        Failure   Level  Hunger
 Sting                    Conj/Pois      ##..         6%          1    None
 Magic Dart               Conj           ###.         2%          1    None
 Searing Ray              Conj           ###...       3%          2    ##.....
 Dazzling Spray           Conj/Hex       ##....       19%         3    ###....
 Iskenderun's Mystic Bla  Conj           ###.....     26%         4    ####...
 Force Lance              Conj/Tloc      ##......     54%         4    ####...
 Fulminant Prism          Conj/Hex       ##........   54%         4    ####...


Dungeon Overview and Level Annotations

Branches:
Dungeon (6/15)             Temple (1/1) D:4

Altars:
Dithmenos
Elyvilon
Fedhas
Qazlal
Trog
Uskayaw
Vehumet


Message History

Press: ? - help, Shift-Dir - straight line, f - wyvern skeleton
Aim: a wyvern skeleton (heavily damaged)
The wyvern skeleton completely resists.
You freeze the wyvern skeleton but do no damage.
The wyvern skeleton bites you.
Casting: Freeze (safe; 1% risk of failure)
Confirm with . or Enter, or press ? or * to list all spells.
Aiming: Freeze (safe; 1% risk of failure)
Press: ? - help, Shift-Dir - straight line, f/p - wyvern skeleton
Aim: a wyvern skeleton (heavily damaged)
The wyvern skeleton resists.
You freeze the wyvern skeleton.
The wyvern skeleton is heavily damaged.
The wyvern skeleton bites you!
* * * LOW HITPOINT WARNING * * *
The wyvern skeleton bites you!
* * * LOW HITPOINT WARNING * * *
You barely miss the wyvern skeleton.
The wyvern skeleton is heavily damaged.
The wyvern skeleton bites you!
You die...

############.#
###..........#.#
#.....#####....#
##.(.<.####.....##
#)................
#......####.....##
#......# ##....#
#.##.### ##.#.#
#@##.# #.#.#
#Z##.# #...#
#.##.##.# #####
........##.#
.###.......#
#....#### #.##.#
.. ..# ## ###


You could see a wyvern skeleton.

Vanquished Creatures
  An ice beast (D:5)
  3 ogres
  3 big kobolds (Sewer)
  An elf zombie (Ossuary)
  A bullfrog (D:4)
  A wyvern skeleton (D:5)
  2 scorpions
  2 howler monkeys
  A centaur zombie (Ossuary)
  2 hounds
  Crazy Yiuf (D:3)
  4 bullfrog skeletons (D:4)
  A human zombie (Ossuary)
  3 orc wizards (D:5)
  Jessica (D:3)
  3 worker ants
  A big kobold zombie (Ossuary)
  2 hound zombies
  3 mummies (Ossuary)
  4 gnolls
  5 adders
  9 river rats
  An ooze (D:5)
  4 adder zombies (Ossuary)
  2 worms
  2 dart slugs (D:4)
  7 leopard geckos
  18 orcs
  7 bats
  10 giant cockroaches
  A gnoll zombie (Ossuary)
  3 goblins (D:3)
  12 hobgoblins
  2 jackals (D:5)
  3 quokkas
  10 ball pythons
  10 frilled lizards
  3 goblin zombies (Ossuary)
  2 hobgoblin zombies (Ossuary)
  A jackal skeleton (D:5)
  3 jackal zombies (Ossuary)
  26 kobolds
  5 kobold zombies (Ossuary)
  3 orc zombies (Ossuary)
  2 quokka skeletons
  8 quokka zombies (Ossuary)
  18 rats
  A rat zombie (Ossuary)
218 creatures vanquished.

Vanquished Creatures (collateral kills)
  A centaur (D:5)
  2 orc priests (D:5)
  An adder (D:5)
  4 orcs (D:5)
8 creatures vanquished.

Grand Total: 226 creatures vanquished

Notes
Turn   | Place    | Note
-------+----------+-------------------------------------------
     0 | D:1      | PikkenKukken the Merfolk Ice Elementalist began the quest
                  | for the Orb.
     0 | D:1      | Reached XP level 1. HP: 13/13 MP: 3/3
   320 | D:1      | Reached skill level 1 in Fighting
   331 | D:1      | Reached XP level 2. HP: 20/21 MP: 0/5
   335 | D:1      | Learned a level 2 spell: Throw Frost
   806 | D:1      | Reached XP level 3. HP: 27/27 MP: 6/6
  1243 | D:1      | Learned a level 3 spell: Ozocubu's Armour
  1259 | D:2      | Reached skill level 1 in Polearms
  1620 | D:2      | Reached XP level 4. HP: 17/34 MP: 1/7
  2938 | D:3      | Noticed Jessica
  2979 | D:3      | Found a runed translucent door.
  2980 | D:3      | Noticed Crazy Yiuf
  3028 | D:3      | Reached XP level 5. HP: 32/40 MP: 5/8
  3209 | D:3      | Killed Jessica
  3209 | D:3      | Reached skill level 5 in Dodging
  3287 | D:3      | Found a glowing drain.
  3291 | Sewer    | Entered a sewer
  3661 | Sewer    | Noticed a big kobold
  3895 | Sewer    | Killed a big kobold
  3895 | Sewer    | Reached skill level 1 in Conjurations
  3895 | Sewer    | Reached XP level 6. HP: 47/47 MP: 9/9
  4688 | Sewer    | Reached XP level 7. HP: 44/52 MP: 1/11
  4809 | Sewer    | Learned a level 4 spell: Throw Icicle
  5662 | D:3      | Killed Crazy Yiuf
  5778 | D:4      | Reached skill level 5 in Polearms
  6094 | D:4      | Reached skill level 1 in Charms
  6152 | D:4      | Found a staircase to the Ecumenical Temple.
  6159 | Temple   | Entered the Ecumenical Temple
  6180 | Temple   | Became a worshipper of Vehumet
  6377 | D:4      | Found a sand-covered staircase.
  6393 | Ossuary  | Entered an ossuary
  6678 | Ossuary  | Reached * piety under Vehumet
  6678 | Ossuary  | Offered knowledge of Magic Dart by Vehumet.
  7009 | Ossuary  | Reached XP level 8. HP: 42/58 MP: 13/13
  7409 | D:4      | Reached skill level 5 in Ice Magic
  8305 | D:5      | Entered Level 5 of the Dungeon
  8341 | D:5      | Found a white marble altar of Elyvilon.
  8580 | D:5      | Reached ** piety under Vehumet
  8580 | D:5      | Offered knowledge of Sting by Vehumet.
  8632 | D:5      | Learned a level 4 spell: Summon Ice Beast
  8883 | D:5      | Reached skill level 1 in Summonings
  9447 | D:5      | Reached XP level 9. HP: 63/63 MP: 12/15
 10194 | D:6      | Slain by a wyvern skeleton

Skill      XL: |  1  2  3  4  5  6  7  8 |
---------------+-------------------------+-----
Dodging        | 3 4 5 6 |  6.1
Fighting       | 1 2 3 |  3.0
Polearms       | 2 4 5 6 |  6.0
Conjurations   | 1 2 4 |  4.4
Ice Magic      | 4 6 |  6.8
Spellcasting   | 3 4 |  4.1
Charms         | 1 2 |  2.0
Summonings     | 2 |  2.7
Stealth        | |  2.1

Action                   |  1- 3 |  4- 6 |  7- 9 || total
-------------------------+-------+-------+-------++-------
Melee: Unarmed           |     3 |       |       ||     3
       Spear             |    58 |    70 |       ||   128
       Trident           |       |   242 |   522 ||   764
       Tailslap          |       |     5 |       ||     5
 Cast: Freeze            |    25 |    15 |    21 ||    61
       Throw Frost       |    16 |    28 |    45 ||    89
       Ozocubu's Armour  |     1 |    13 |    14 ||    28
       Throw Icicle      |       |       |     6 ||     6
       Summon Ice Beast  |       |       |     4 ||     4
  Use: Scroll            |     4 |     4 |     9 ||    17
       Potion            |     4 |       |     2 ||     6
 Stab: Sleeping          |     2 |     3 |     8 ||    13
       Distracted        |       |     1 |       ||     1
  Eat: Chunk             |     4 |    10 |    19 ||    33
       Ration            |       |     1 |     2 ||     3
Armor: Robe              |    12 |    37 |   105 ||   154
       Skin              |     9 |       |       ||     9
Dodge: Dodged            |    45 |   234 |   414 ||   693
